Map: Apotheosis LE

Players

blackeagle

  • Race: Terran Terran
  • League: Gold
  • Spawn Location: 11:00

Fropez - Winner!

  • Race: Protoss Protoss
  • League: Gold
  • Spawn Location: 5:00

VOD

Have the link to the VOD?

Description

Time

  • Played on: Nov. 7, 2016, 1:15 p.m.
  • Length: 12:50
Show
View Real Time Build Order
Export as new Build Order

blackeagle Terran 

Build Orders:  

Get SALT Encoding   

  12  0:01  SCV  
  13  0:13  SCV  
  14  0:17  Supply Depot  
  14  0:25  SCV  
  15  0:39  SCV  
  15  0:40  Barracks  
  16  0:51  SCV  
  16  0:56  Supply Depot  
  17  1:04  Supply Depot  
  17  1:16  SCV  
  18  1:28  SCV  
  19  1:35  Barracks  
  19  1:42  Marine  
  19  1:43  Orbital Command  
  20  2:00  Marine  
  21  2:15  SCV  
  21  2:21  Command Center  
  21  2:22  Marine  
  23  2:25  Refinery  
  23  2:27  Refinery  
  23  2:38  Marine  
  23  2:40  Marine  
  25  2:46  Barracks  
  25  2:56  Marine  
  25  2:58  Marine, SCV  
  28  3:13  Marine, Engineering Bay  
  29  3:23  Barracks Reactor  
  29  3:26  SCV  
  30  3:31  Marine  
  31  3:35  Barracks Tech Lab  
  31  3:38  SCV  
  32  3:46  Factory  
  32  3:47  Missile Turret  
  32  3:49  Marine  
  32  3:50  Missile Turret  
  33  3:57  Stimpack  
  33  3:58  Marine  
  33  3:59  Marine  
  35  4:07  Marine  
  35  4:09  Marine  
  37  4:20  Marine  
  36  4:34  Orbital Command  
  36  4:38  Marine x2  
  37  4:40  Factory Reactor  
  37  4:43  Starport  
  37  4:47  Marine x2  
  39  4:57  Marine x2  
  41  5:06  Marauder  
  43  5:10  Supply Depot  
  43  5:15  Supply Depot  
  43  5:26  Factory Tech Lab  
  43  5:27  Marauder  
  45  5:37  SCV x2  
  47  5:45  Medivac x2  
  47  5:48  Siege Tank  
  47  5:49  SCV  
  55  5:53  Marauder  
  55  5:54  Marine  
  55  5:57  Marine  
  58  6:03  Supply Depot  
  59  6:08  Supply Depot  
  59  6:15  Marauder  
  59  6:17  Marine  
  62  6:24  Marine x2  
  63  6:36  Marauder  
  63  6:37  Siege Tank  
  63  6:39  Refinery  
  66  7:23  Marine x3  
  66  7:24  Marine  
  70  7:30  Supply Depot  
  70  7:31  Supply Depot  
  70  7:39  Siege Tank  
  70  7:41  Marine x4  
  73  8:00  Marauder  
  75  8:21  Marauder  
  75  8:24  Siege Tank  
  80  8:28  Marine x2  
  68  8:56  Siege Tank  
  69  9:28  Siege Tank  
  69  9:31  Medivac x2  
  76  9:35  Marine x4  
  80  9:53  Marine x4, Command Center  
  84  10:00  Siege Tank  
  87  10:10  Marine  
  87  10:11  Marine x3  
  77  11:05  Siege Tank  
  77  11:07  Orbital Command  
  72  11:37  Siege Tank  
  46  12:14  Command Center  
Show
View Real Time Build Order
Export as new Build Order

Fropez Protoss - Winner!

Build Orders:  

Get SALT Encoding   

  12  0:01  Probe (Chrono Boost)  
  13  0:13  Probe (Chrono Boost)  
  14  0:23  Probe (Chrono Boost)  
  14  0:26  Pylon  
  15  0:32  Assimilator  
  15  0:44  Probe (Chrono Boost), Gateway  
  16  0:54  Probe (Chrono Boost)  
  17  1:02  Gateway  
  17  1:05  Probe (Chrono Boost)  
  18  1:11  Assimilator  
  18  1:16  Probe (Chrono Boost)  
  19  1:24  Pylon  
  19  1:27  Probe (Chrono Boost)  
  20  1:36  Cybernetics Core  
  20  1:43  Probe (Chrono Boost)  
  22  1:54  Probe (Chrono Boost)  
  22  2:13  Nexus  
  22  2:20  Mothership Core (Chrono Boost)  
  24  2:27  Warp Gate (Chrono Boost)  
  24  2:32  Stalker  
  26  2:39  Probe (Chrono Boost)  
  26  2:42  Stalker  
  29  2:55  Probe  
  30  3:08  Probe  
  31  3:13  Pylon  
  31  3:15  Pylon  
  31  3:24  Stalker x2  
  31  3:25  Probe  
  36  3:46  Probe  
  37  4:11  Gateway  
  37  4:15  Twilight Council  
  37  4:29  Mothership Core  
  37  4:54  Blink (Chrono Boost)  
  37  5:00  Gateway  
  37  5:03  Gateway  
  37  5:06  Forge  
  37  5:07  Forge, Probe  
  37  5:12  Probe  
  39  5:32  Protoss Ground Weapons Level 1 (Chrono Boost)  
  39  5:42  Protoss Ground Armor Level 1 (Chrono Boost)  
  39  5:45  Pylon  
  39  5:50  Pylon  
  39  5:58  Assimilator  
  39  6:00  Assimilator  
  39  6:05  Photon Cannon  
  39  6:07  Photon Cannon  
  39  6:09  Photon Cannon  
  39  6:15  Probe x2  
  41  6:22  Photon Cannon  
  41  6:25  Pylon  
  41  6:30  Photon Cannon  
  37  6:42  Stalker x5  
  47  6:50  Pylon  
  47  6:52  Pylon  
  47  6:57  Gateway  
  45  7:20  Adept x4  
  45  7:22  Adept  
  53  7:40  Protoss Ground Armor Level 2 (Chrono Boost), Protoss Ground Weapons Level 2 (Chrono Boost)  
  53  7:46  Probe x2  
  55  7:56  Stalker x2  
  55  7:57  Stalker x2  
  63  8:05  Stalker  
  65  8:30  Stalker x3  
  63  9:05  Stalker x3  
  63  9:06  Stalker  
  69  9:37  Resonating Glaives  
  69  9:42  Adept  
  69  9:43  Adept x2  
  75  9:47  Probe x2  
  75  9:58  Adept x3  
  81  10:45  Stalker x2  
  85  11:03  Gateway x2  
  85  11:05  Stalker x4  
  85  11:06  Gateway  
  85  11:08  Nexus, Gateway  
  85  11:11  Pylon  
  93  11:13  Pylon  
  93  11:21  Stalker x2  
  77  11:51  Stalker x4  
  77  11:52  Stalker  
  61  12:39  Adept x3  
  61  12:40  Adept x3  
Tags
 
League
GoldGold
Matchup
PvT
Replay Pack
All Mines
Spawn Locations
Cross Positions
Add a new tag
Caveats
  • Supply blocks, unpowered buildings, or Contaminate may cause inaccurate times.
  • Supply counts are checked every 10 seconds.